 Dungeon Crawl Stone Soup version 0.30-a0-782-ge64f9170bb (webtiles) character file.

Game seed: 4198459530904078961

1050 HoaS the Skirmisher (level 8, -1/44 HPs)
             Began as a Gargoyle Hunter on Mar 15, 2023.
             Was an Initiate of Elyvilon.
             Slain by Prince Ribbit (6 damage)
             ... on level 5 of the Dungeon.
             The game lasted 00:09:18 (3374 turns).

HoaS the Skirmisher (Gargoyle Hunter)               Turns: 3374, Time: 00:09:18

Health: -1/44      AC: 12    Str: 16    XL:     8   Next: 26%
Magic:  10/10      EV: 11    Int:  9    God:    Elyvilon [......]
Gold:   210        SH:  0    Dex: 15    Spells: 7/7 levels left

rFire   . . .      SeeInvis .    a - +0 shortbow
rCold   . . .      Faith    .    (shield currently unavailable)
rNeg    + . .      Spirit   .    c - +0 leather armour
rPois   ∞          Reflect  .    (no helmet)
rElec   +          Harm     .    (no cloak)
rCorr   .          Rampage  .    (no gloves)
Will    .....                    (no boots)
Stlth   ++                       (no amulet)
HPRegen 0.27/turn                n - +4 ring of protection
MPRegen 0.12/turn                (no ring)

@: no status effects
A: sickness immunity, AC +5, negative energy resistance 1, electricity
resistance, torment resistance 1, petrification resistance
a: Renounce Religion


You were on level 5 of the Dungeon.
You worshipped Elyvilon.
Elyvilon was noncommittal.
You visited 2 branches of the dungeon, and saw 6 of its levels.

You collected 210 gold pieces.

Inventory:

Hand Weapons
 a - a +0 shortbow (weapon)
Missiles
 q - a throwing net
Armour
 c - a +0 leather armour (worn)
Jewellery
 n - a +4 ring of protection (left hand)
Wands
 r - a wand of paralysis (8)
Scrolls
 b - 2 scrolls of immolation
 e - 3 scrolls of magic mapping
 g - 2 scrolls of poison
 i - a scroll of blinking
 o - a scroll of fear
Potions
 d - 2 potions of lignification
 f - 4 potions of flight
 h - a potion of brilliance {unknown}
 j - a potion of heal wounds {unknown}
 k - a potion of curing {unknown}
 l - a potion of might {unknown}
 m - a potion of mutation {unknown}
 p - 2 potions of attraction


   Skills:
 - Level 2.1 Fighting
 * Level 9.8 Ranged Weapons
 - Level 1.5 Dodging
 - Level 1.1 Stealth
 - Level 3.0 Invocations


You had 7 spell levels left.
You didn't know any spells.
Your spell library contained the following spells:

 Spells                   Type           Power      Damage    Failure   Level
 Apportation              Tloc           0%         N/A       45%         1
 Necrotise                Necr           0%         1d4       45%         1
 Summon Small Mammal      Summ           0%         N/A       45%         1
 Ignite Poison            Fire/Tmut/Pois 0%         N/A       83%         3
 Kindle Blastsparks       Fire/Tloc/Air  0%         2d10      83%         3
 Freezing Cloud           Conj/Ice/Air   0%         6-21      100%        5


Dungeon Overview and Level Annotations

Branches:
Dungeon (5/15)             Temple (1/1) D:4

Altars:
Ashenzari
Cheibriados
Dithmenos
Elyvilon
Fedhas
Gozag
Hepliaklqana
Kikubaaqudgha
Nemelex Xobeh
Qazlal
Ru
Sif Muna
Trog
Uskayaw
Vehumet
Wu Jian
Xom
Yredelemnul

Annotations:
D:5 Prince Ribbit


Innate Abilities, Weirdness & Mutations

You are immune to sickness and miasma.
Your stone body is resilient. (AC +5)
You are immune to poison.
You resist negative energy. (rN+)
You are resistant to electric shocks. (rElec)
You are resistant to unholy torment.
You are immune to petrification.


Message History

You shoot an arrow. The arrow misses Prince Ribbit.
You shoot an arrow. The arrow hits Prince Ribbit.
Prince Ribbit is moderately wounded.
Prince Ribbit blinks!
Prince Ribbit hits you but does no damage.
You shoot an arrow. The arrow hits Prince Ribbit.
Prince Ribbit is heavily wounded.
Prince Ribbit hits you.
You shoot an arrow. The arrow hits Prince Ribbit!
Prince Ribbit is severely wounded.
Prince Ribbit hits you! Prince Ribbit completely misses you.
You shoot an arrow. The arrow barely misses Prince Ribbit.
Prince Ribbit hits you!
You are too injured to fight recklessly!
You are too injured to fight recklessly!
Fire: a) +0 shortbow
Press: ? - help, Q - select action, (/) - cycle Shift-Dir - straight line, f/p - Prince Ribbit
Aim: Prince Ribbit (severely wounded, 45% to hit)
You shoot an arrow. The arrow hits Prince Ribbit.
Prince Ribbit is severely wounded.
Prince Ribbit barely misses you. Prince Ribbit hits you.
Okay, then.
Fire: a) +0 shortbow
Press: ? - help, Q - select action, (/) - cycle Shift-Dir - straight line, f/p - Prince Ribbit
Aim: Prince Ribbit (severely wounded, 45% to hit)
You shoot an arrow. The arrow barely misses Prince Ribbit.
Prince Ribbit hits you.
Fire: a) +0 shortbow
Press: ? - help, Q - select action, (/) - cycle Shift-Dir - straight line, f/p - Prince Ribbit
Aim: Prince Ribbit (severely wounded, 45% to hit)
You shoot an arrow. The arrow closely misses Prince Ribbit.
Prince Ribbit hits you!
* * * LOW HITPOINT WARNING * * *
Prince Ribbit hits you but does no damage.
Fire: a) +0 shortbow
Press: ? - help, Q - select action, (/) - cycle Shift-Dir - straight line, f/p - Prince Ribbit
Aim: Prince Ribbit (severely wounded, 45% to hit)
You shoot an arrow. The arrow closely misses Prince Ribbit.
Prince Ribbit hits you.
You die...

....#####.###.#...###..#:!?#..#
....# #.# #.#...# #..#?!$#..#
....# #†# #.#...# #..#####..#
....# #.###.##..###.........#
##..#####.....##..............#
###.......###.##(.#####...#####
....#########.##..# #####
...............F..#
###..#.......<##@.#
....###.#####.##..# ###..#
#.##..#######.###
###.##..##........#
............###...
..#####.##..# ...##..#
######......... #.###.....


You could see Prince Ribbit.

Vanquished Creatures
  Menkaure (D:4)
  A water moccasin (D:5)
  An ice beast (D:3)
  A black bear (D:3)
  2 phantoms
  A scorpion (D:5)
  A jelly (D:3)
  2 orc wizards
  Terence (D:2)
  3 iguanas
  6 gnolls
  8 adders
  2 ufetubi (D:4)
  A worm (D:2)
  A dart slug (D:4)
  21 orcs
  6 ball pythons
  6 bats
  8 endoplasms
  A giant cockroach (D:1)
  13 goblins
  8 hobgoblins
  2 jackals (D:2)
  8 kobolds
  5 quokkas
  2 frilled lizards (D:1)
  6 rats
118 creatures vanquished.

Vanquished Creatures (others)
  A plant (D:1)
1 creature vanquished.

Grand Total: 119 creatures vanquished

Notes
Turn   | Place    | Note
-------+----------+-------------------------------------------
     0 | D:1      | HoaS the Gargoyle Hunter began the quest for the Orb.
     0 | D:1      | Reached XP level 1. HP: 12/12 MP: 1/1
   104 | D:1      | Reached XP level 2. HP: 17/17 MP: 2/2
   151 | D:1      | Found a faded altar of an unknown god.
   266 | D:1      | Reached XP level 3. HP: 21/21 MP: 3/3
   295 | D:1      | Reached skill level 5 in Ranged Weapons
   825 | D:2      | Reached XP level 4. HP: 22/26 MP: 4/4
   834 | D:2      | Noticed Terence
   847 | D:2      | Killed Terence
  1100 | D:3      | Noticed an ice beast
  1170 | D:3      | Reached skill level 6 in Ranged Weapons
  1220 | D:3      | Killed an ice beast
  1221 | D:3      | Reached XP level 5. HP: 13/30 MP: 5/5
  1400 | D:3      | Reached skill level 7 in Ranged Weapons
  1400 | D:3      | Reached XP level 6. HP: 35/35 MP: 6/6
  2194 | D:4      | Found a staircase to the Ecumenical Temple.
  2222 | D:4      | Reached skill level 8 in Ranged Weapons
  2222 | D:4      | Reached XP level 7. HP: 27/40 MP: 7/7
  2279 | Temple   | Entered the Ecumenical Temple
  2427 | Temple   | Became a worshipper of Elyvilon the Healer
  2592 | D:3      | Reached skill level 1 in Invocations
  2897 | D:5      | Entered Level 5 of the Dungeon
  2897 | D:5      | Noticed Menkaure
  2904 | D:4      | Killed Menkaure
  2944 | D:5      | Reached skill level 9 in Ranged Weapons
  3074 | D:5      | Reached XP level 8. HP: 33/44 MP: 8/10
  3354 | D:5      | Noticed Prince Ribbit
  3374 | D:5      | Slain by Prince Ribbit

Illustrated notes

Levels and vault maps discovered:
D:1:      wander_arrival_peaceful_grave, layout_rooms,
          shapermc_ecumenical_altar_mp_ritualfount
D:2:      layout_basic, minmay_pentomino_s2, uniq_terence
D:3:      layout_rooms, st_stairs_6
D:4:      layout_rooms, minmay_temple_entry_poolview
D:5:      layout_loops_ring, due_unseen_surprise, uniq_menkaure,
          uniq_prince_ribbit1
Temple:   compressed_dpeg_circular_temple

Skill      XL: |  1  2  3  4  5  6  7  8 |
---------------+-------------------------+-----
Ranged Weapons | 5 6 7 8 9 |  9.8
Invocations    | 2 3 |  3.0
Fighting       | |  2.1
Dodging        | |  1.5
Stealth        | |  1.1

Action                     |  1- 3 |  4- 6 |  7- 9 || total
---------------------------+-------+-------+-------++-------
  Melee: Shortbow          |       |     3 |       ||     3
   Fire: Shortbow          |   119 |   241 |   142 ||   502
    Use: Scroll            |     8 |     4 |     2 ||    14
 Armour: Leather armour    |    35 |    64 |    30 ||   129
  Dodge: Dodged            |    51 |    75 |    41 ||   167

Table legend: (Time is in decaauts)
 A = Elapsed time spent in this place.
 B = Non-inter-level travel time spent in this place.
 C = Inter-level travel time spent in this place.
 D = Time resting spent in this place.
 E = Time spent auto-exploring this place.
 F = Levels seen in this place.
 G = Mean time per level.
                   A        B        C        D        E       F      G
               +--------+--------+--------+--------+--------+-----+--------+
         Total |   3469 |   3341 |    128 |    540 |   1852 |   6 |  578.2 |
       Dungeon |   3289 |   3192 |     97 |    540 |   1774 |   5 |  657.8 |
        Temple |    179 |    148 |     31 |      0 |     78 |   1 |  179.0 |
               +--------+--------+--------+--------+--------+-----+--------+

Top non-repeatable levels by time:
     D:4: 955 daAuts
     D:3: 709 daAuts
     D:1: 619 daAuts
     D:2: 544 daAuts
     D:5: 460 daAuts
  Temple: 179 daAuts
